 Dungeon Crawl Stone Soup version 0.16.1 (webtiles) character file.

780 SKei0 the Basher (level 7, -6/41 HPs)
             Began as a Gargoyle Fighter on Mar 23, 2015.
             Mangled by an orc warrior
             ... wielding a +0 battleaxe
              (9 damage)
             ... on level 7 of the Dungeon.
             The game lasted 00:09:46 (3350 turns).

SKei0 the Basher (Gargoyle Fighter)                 Turns: 3350, Time: 00:09:46

Health: -6/41      AC: 12    Str: 26    XL:     7   Next: 85%
Magic:  7/7        EV:  7    Int:  9    God:
Gold:   398        SH:  9    Dex:  9    Spells: 0 memorised, 6 levels left

rFire  + . .     SeeInvis .     a - +0 flail (curse)
rCold  x . .     Clarity  .     b - +0 scale mail (curse)
rNeg   + . .     SustAb   .     c - +0 shield (curse)
rPois  ∞         Gourm    .     j - +0 helmet (curse)
rElec  +         Spirit   .     (no cloak)
rCorr  .         Warding  .     (no gloves)
rMut   .         Stasis   .     (no boots)
MR     .....                    (no amulet)
Stlth  ..........               (no ring)
                                u - ring of fire (curse)

@: mighty, not resistant to hostile enchantments, extremely unstealthy
A: negative energy resistance 1, electricity resistance, unbreathing,
petrification resistance, rot immunity, AC +4
a: no special abilities


You were on level 7 of the Dungeon.
You were very hungry.

You visited 1 branch of the dungeon, and saw 5 of its levels.
You also visited: Ossuary.

You collected 398 gold pieces.

Inventory:

Hand weapons
 a - a cursed +0 flail (weapon)
Armour
 b - a cursed +0 scale mail (worn)
 c - a cursed +0 shield (worn)
 j - a cursed +0 helmet (worn)
Jewellery
 u - a cursed ring of fire (left hand)
Magical devices
 w - a wand of digging (14)
Scrolls
 k - 2 scrolls of identify
 o - a scroll of enchant armour {unknown}
 p - a scroll of magic mapping
 r - a scroll of amnesia {unknown}
 y - a scroll of enchant weapon {unknown}
 D - a scroll of acquirement {unknown}
 E - a scroll of fear {unknown}
Potions
 e - a potion of might
 f - a potion of cure mutation {unknown}
 i - a potion of restore abilities {unknown}
 l - 2 potions of mutation {unknown}
 m - 2 potions of degeneration {unknown}
 s - a potion of haste {unknown}
 t - a potion of berserk rage {unknown}
 v - 4 potions of heal wounds {unknown}
 x - a potion of resistance {unknown}
 z - a potion of lignification {unknown}
 A - a potion of cancellation
 B - a potion of invisibility {unknown}
 C - 2 potions of poison {unknown}
Comestibles
 d - 2 bread rations
 h - a meat ration
 n - 6 fruits
 q - a slice of pizza


   Skills:
 - Level 3.2 Fighting
 * Level 8.7 Maces & Flails
 - Level 3.2 Armour
 - Level 3.2 Shields


You had 6 spell levels left.
You didn't know any spells.

Dungeon Overview and Level Annotations

Branches:
Dungeon (7/15)
 Temple: D:4-7

Altars:
Fedhas
Makhleb
Okawaru


Innate Abilities, Weirdness & Mutations

You are resistant to torment.
You are immune to poison.
Your stone body is very resilient (AC +4).
You resist negative energy.
You are resistant to electric shocks.
You can survive without breathing.
You are immune to petrification.
You are immune to rotting.


Message History

You hit the orc warrior.
The orc warrior is lightly wounded.
The orc warrior hits you with a battleaxe!
* * * LOW HITPOINT WARNING * * *
Drink which item? (? for menu, Esc to quit)
You feel better.
The orc warrior hits you with a battleaxe!
* * * LOW HITPOINT WARNING * * *
You hit the orc warrior.
The orc warrior is moderately wounded.
You hit the orc warrior.
The orc warrior is moderately wounded.
You block the orc warrior's attack.
You hit the orc warrior!
The orc warrior is severely wounded.
The orc warrior hits you but does no damage.
Your shield and scale mail prevent you from hitting the orc warrior.
The orc warrior is severely wounded.
The orc warrior hits you with a battleaxe!
You die...

#.# #### ...
#.. .. #.#
#.####o##
#...@ooo#
#.####oc###..o.
# #......c#
#.)o...#..$.
#.##.### . ...
.# ... .# #.##
.# . .#


You could see an orc warrior, a centaur and 4 orcs.

Vanquished Creatures
  The ghost of Edirash the Slinger, an experienced HaHu (D:3)
  Grinder (D:4)
  An orc warrior (D:7)
  An orc priest (D:7)
  A big kobold zombie (Ossuary)
  8 mummies (Ossuary)
  2 adders (D:2)
  A worm (D:3)
  3 giant geckos (D:3)
  An ooze (D:3)
  An orc (D:3)
  2 giant cockroaches
  6 hobgoblins
  7 jackals
  4 kobolds
  A quokka (D:3)
  3 ball pythons
  10 bats
  6 giant newts
  7 goblins
  5 hobgoblin zombies (Ossuary)
  2 orc zombies (Ossuary)
  5 rats
79 creatures vanquished.

Notes
Turn   | Place    | Note
--------------------------------------------------------------
     0 | D:1      | SKei0, the Gargoyle Fighter, began the quest for the Orb.
     0 | D:1      | Reached XP level 1. HP: 14/14 MP: 1/1
   306 | D:1      | Reached XP level 2. HP: 19/19 MP: 2/2
   775 | D:2      | Reached XP level 3. HP: 23/23 MP: 3/3
  1021 | D:2      | Found a blossoming altar of Fedhas.
  1031 | D:2      | Reached skill level 4 in Maces & Flails
  1693 | D:2      | Reached XP level 4. HP: 28/28 MP: 4/4
  1901 | D:3      | Noticed Edirash's ghost (experienced HaHu)
  1919 | D:3      | Killed Edirash's ghost
  1919 | D:3      | Reached skill level 6 in Maces & Flails
  1919 | D:3      | Reached XP level 5. HP: 13/32 MP: 5/5
  1919 | D:3      | Reached XP level 6. HP: 15/37 MP: 6/6
  2156 | D:3      | Found an iron altar of Okawaru.
  2429 | D:4      | Noticed Grinder
  2443 | D:4      | Killed Grinder
  2443 | D:4      | Reached skill level 7 in Maces & Flails
  2443 | D:4      | Reached XP level 7. HP: 39/41 MP: 7/7
  2499 | D:4      | Found a sand-covered staircase.
  2504 | Ossuary  | Entered an ossuary
  2529 | Ossuary  | HP: 2/41 [mummy (9)]
  2530 | Ossuary  | Reached skill level 8 in Maces & Flails
  3317 | D:4      | Found a burning altar of Makhleb.
  3323 | D:4      | You fall through a shaft for 3 floors!
  3345 | D:7      | HP: 1/41 [orc warrior/battleaxe (10)]
  3350 | D:7      | Mangled by an orc warrior

Action                   |  1- 3 |  4- 6 |  7- 9 || total
-------------------------+-------+-------+-------++-------
Melee: Flail             |   140 |   115 |    89 ||   344
  Use: Scroll            |     4 |       |       ||     4
       Potion            |       |       |     5 ||     5
  Eat: Chunk             |     1 |     4 |       ||     5
       Royal jelly       |       |       |     1 ||     1
